 Dungeon Crawl Stone Soup version 0.17-a0-2098-gf59d6bc (webtiles) character file.

11891 Ohli the Fighter (level 11, -16/90 HPs)
             Began as a Demonspawn Fighter on Oct 17, 2015.
             Was an Elder of Nemelex Xobeh.
             Killed from afar by an orc warrior (35 damage)
             ... with an exploding inner flame
             ... hexed by the player character
             ... on level 4 of the Orcish Mines.
             The game lasted 01:01:59 (10093 turns).

Ohli the Fighter (Demonspawn Fighter)              Turns: 10093, Time: 01:02:29

Health: -16/90     AC: 18    Str: 18    XL:     11   Next: 55%
Magic:  11/11      EV: 15    Int: 10    God:    Nemelex Xobeh [****..]
Gold:   1502       SH: 11    Dex: 14    Spells: 0 memorised, 10 levels left

rFire  . . .     SeeInvis .     K - +2 war axe (chop)
rCold  . . .     Clarity  .     S - +3 scale mail
rNeg   . . .     SustAt   .     c - +0 shield
rPois  .         Gourm    .     (helmet unavailable)
rElec  .         Spirit   .     p - +2 cloak
rCorr  .         Warding  .     (no gloves)
rMut   .         Stasis   .     (no boots)
MR     .....                    (no amulet)
Stlth  ++........               D - +4 ring of protection
                                z - +3 ring of evasion

@: especially stealthy, not resistant to hostile enchantments, unstealthy
A: horns 3, demonic guardian 2, spiny 1
a: Triple Draw, Deal Four, Renounce Religion


You were on level 4 of the Orcish Mines.
You worshipped Nemelex Xobeh.
Nemelex Xobeh was greatly pleased with you.
You were not hungry.

You visited 3 branches of the dungeon, and saw 15 of its levels.

You collected 1502 gold pieces.

Inventory:

Hand Weapons
 K - a +2 war axe of chopping (weapon)
Missiles
 b - 10 tomahawks (quivered)
 t - 4 tomahawks of returning
 T - a silver tomahawk
Armour
 c - a +0 shield (worn)
 k - a +2 ring mail of positive energy
 p - a +2 cloak (worn)
 S - a +3 scale mail (worn)
Jewellery
 z - a +3 ring of evasion (left hand)
 A - an uncursed ring of ice
 D - a +4 ring of protection (right hand)
Wands
 u - a wand of magic darts (21)
 C - a wand of heal wounds (2)
 H - a wand of fire (4)
 O - a wand of slowing (22)
 R - a wand of flame (24)
Scrolls
 a - a scroll of magic mapping
 i - 4 scrolls of identify
 j - 6 scrolls of remove curse
 l - 3 scrolls of amnesia
 m - 3 scrolls of teleportation
 s - a scroll of immolation
 E - a scroll of enchant armour
 J - a scroll of fog
 L - a scroll of blinking {unknown}
Potions
 d - 2 potions of might
 f - a potion of haste {unknown}
 n - 4 potions of curing
 o - 2 potions of poison
 r - a potion of lignification {unknown}
 x - 2 potions of ambrosia
 B - 2 potions of brilliance {unknown}
 F - a potion of cancellation {unknown}
 M - a potion of magic
 N - a potion of heal wounds {unknown}
Books
 P - a book of Flames

   Spells                             Type                      Level
   a - Flame Tongue                   Conjuration/Fire             1
   b - Throw Flame                    Conjuration/Fire             2
   c - Conjure Flame                  Conjuration/Fire             3
   d - Inner Flame                    Hexes/Fire                   3
   e - Sticky Flame                   Conjuration/Fire             4
   f - Fireball                       Conjuration/Fire             5
Miscellaneous
 y - an ornate deck of escape
Comestibles
 e - 8 bread rations
 g - 7 meat rations
 h - 21 fruits
 I - 3 beef jerkies


   Skills:
 * Level 9.6 Fighting
 + Level 7.9 Axes
 + Level 1.5 Throwing
 * Level 8.5 Armour
 + Level 6.7 Dodging
 - Level 0.2 Stealth
 + Level 7.4 Shields
 - Level 0.4 Evocations


You had 10 spell levels left.
You didn't know any spells.

Dungeon Overview and Level Annotations

Branches:
Dungeon (10/15)            Temple (1/1) D:5             Orc (4/4) D:9
   Lair: D:8-11         Elf: Orc:3-4

Altars:
Ashenzari
Cheibriados
Dithmenos
Elyvilon
Fedhas
Gozag
Kikubaaqudgha
Makhleb
Nemelex Xobeh
Qazlal
Ru
Trog
Vehumet
Xom
Yredelemnul
Zin
The Shining One
Beogh

Shops:
D:8 %   D:9 (

Portals:
Ice
Cave: Orc:1


Innate Abilities, Weirdness & Mutations

You have a pair of large horns on your head.
A demonic guardian rushes to your aid.
You are partially covered in sharp spines.


Message History

The creatures around you are filled with an inner flame!
Your sixfirhy hits the orc!
The orc explodes!
The fiery explosion engulfs the orc warrior.
The orc warrior is heavily wounded.
The fiery explosion engulfs your sixfirhy.
You kill your sixfirhy!
The fiery explosion engulfs the orc warrior.
The orc warrior is almost dead.
The fiery explosion engulfs the orc high priest.
The orc high priest explodes!
The fiery explosion engulfs you!
* * * LOW HITPOINT WARNING * * *
The fiery explosion engulfs the orc warrior.
The orc warrior explodes!
The fiery explosion engulfs the orc warrior.
The orc warrior explodes!
The fiery explosion engulfs you!
You die...
Your body disappears without a glow.

........#.#
#.#.##
#########.#
(....
..........#
###.#.###
.#.......##
##.......##
........##
#..#...#..#
....#....#
##.§§(o....##
.....##.##
#§§§#)o.#...#
......#.#
##§§§§h).....##
.........
#.§§@#)).#....#
......#.##
#....).(......#
.....####
#....#.(.#....#
....##
#......(......#
...##
#....#...#.(..#
.####
##...........##
###.##
#...#..(#...#
.#...#
##.........##
....#
#..#...#..#


You could see 2 orc warriors and a friendly hell hound.

Vanquished Creatures
  An orc high priest (Orc:4)
  Pikel (D:7)
  An orc knight (Orc:4)
  A troll (Orc:4)
  The ghost of Ohli the Skirmisher, an amateur DsFi (D:4)
  Grinder (D:6)
  2 yaks (D:8)
  A deep elf mage (D:9)
  2 hungry ghosts
  2 wargs (Orc:3)
  A water moccasin (D:8)
  2 slaves (D:7)
  6 ogres
  A black bear (D:8)
  2 ice beasts
  10 orc warriors
  A crocodile (D:8)
  3 centaurs
  6 big kobolds
  2 giant frogs (D:6)
  3 scorpions
  3 wights (D:8)
  A centaur zombie (D:8)
  4 hounds
  5 crimson imps
  27 orc priests
  A gnoll shaman (D:7)
  17 orc wizards
  3 iguanas
  5 worker ants
  A hound skeleton (D:4)
  A hound zombie (D:8)
  6 adders
  11 gnolls
  3 shadow imps
  2 oozes
  5 worms
  3 adder skeletons
  3 giant geckos
  112 orcs
  3 giant cockroaches
  4 goblins
  8 hobgoblins
  14 jackals
  15 kobolds
  3 quokkas
  A ball python (D:2)
  5 bats
  A giant gecko zombie (D:8)
  3 giant newts
  A jackal zombie (D:6)
  A quokka skeleton (D:5)
  A quokka zombie (D:5)
  10 rats
333 creatures vanquished.

Vanquished Creatures (collateral kills)
  Snorg (Orc:2)
  Erolcha (D:8)
  An orc high priest (Orc:4)
  An orc sorcerer (Orc:4)
  4 orc knights
  A troll (D:9)
  A yak (D:8)
  8 orc warriors
  7 ice beasts (Orc:1)
  2 ogres
  2 big kobolds (D:8)
  A scorpion (D:5)
  2 wights (D:8)
  9 orc priests
  4 orc wizards
  A giant frog skeleton (D:4)
  An iguana (D:4)
  An adder (D:8)
  18 orcs
  A jackal (D:4)
  2 kobolds
  A quokka (D:4)
70 creatures vanquished.

Vanquished Creatures (others)
  A wizard (D:9)
1 creature vanquished.

Grand Total: 404 creatures vanquished

Notes
Turn   | Place    | Note
--------------------------------------------------------------
     0 | D:1      | Ohli the Demonspawn Fighter began the quest for the Orb.
     0 | D:1      | Reached XP level 1. HP: 18/18 MP: 1/1
   136 | D:1      | Gained mutation: You are partially covered in sharp spines. [demonic ancestry]
   136 | D:1      | Reached XP level 2. HP: 24/24 MP: 2/2
   451 | D:1      | Gained mutation: A weak demonic guardian rushes to your aid. [demonic ancestry]
   451 | D:1      | Reached XP level 3. HP: 27/29 MP: 3/3
  1384 | D:3      | Found a shimmering altar of Xom.
  1417 | D:3      | Reached XP level 4. HP: 30/35 MP: 4/4
  1446 | D:3      | Found a burning altar of Makhleb.
  1484 | D:3      | Reached skill level 1 in Dodging
  1814 | D:4      | Gained mutation: You have a pair of small horns on your head. [demonic ancestry]
  1814 | D:4      | Reached XP level 5. HP: 41/41 MP: 5/5
  1908 | D:4      | Noticed Ohli's ghost (amateur DsFi)
  1913 | D:4      | Reached skill level 4 in Shields
  1941 | D:4      | Killed Ohli's ghost
  1941 | D:4      | Reached XP level 6. HP: 9/48 MP: 6/6
  2192 | D:4      | Found Kourelumm's Antique Armour Emporium.
  2352 | D:4      | Found a stormy altar of Qazlal.
  2355 | D:4      | Found an opulent altar of Gozag.
  2453 | D:4      | Gained mutation: You have a pair of horns on your head. [demonic ancestry]
  2453 | D:4      | Reached XP level 7. HP: 33/54 MP: 7/7
  2469 | D:5      | Entered Level 5 of the Dungeon
  2519 | D:5      | Found a staircase to the Ecumenical Temple.
  2525 | Temple   | Entered the Ecumenical Temple
  2674 | Temple   | Became a worshipper of Nemelex Xobeh the Trickster
  2837 | D:5      | Received a gift from Nemelex Xobeh
  2876 | D:5      | Found a shattered altar of Ashenzari.
  3234 | D:5      | Found a radiant altar of Vehumet.
  3296 | D:5      | Received a gift from Nemelex Xobeh
  3468 | D:6      | Noticed Grinder
  3487 | D:6      | Killed Grinder
  3509 | D:6      | Reached * piety under Nemelex Xobeh
  3564 | D:6      | Reached skill level 5 in Armour
  3601 | D:6      | Reached XP level 8. HP: 49/61 MP: 8/8
  3626 | D:6      | Found a glowing golden altar of the Shining One.
  3757 | D:6      | Received a gift from Nemelex Xobeh
  3763 | D:6      | Reached skill level 5 in Shields
  3927 | D:6      | Found a glowing golden altar of the Shining One.
  4147 | D:7      | Reached skill level 5 in Fighting
  4420 | D:7      | Reached skill level 6 in Armour
  4574 | D:7      | Reached ** piety under Nemelex Xobeh
  4660 | D:7      | Noticed Pikel
  4673 | D:7      | Killed Pikel
  4673 | D:7      | Gained mutation: You have a pair of large horns on your head. [demonic ancestry]
  4673 | D:7      | Reached XP level 9. HP: 44/71 MP: 9/9
  4985 | D:8      | Reached skill level 5 in Axes
  5119 | D:8      | Noticed Erolcha
  5384 | D:8      | Killed Erolcha
  5384 | D:8      | Reached skill level 7 in Fighting
  5384 | D:8      | Reached skill level 5 in Dodging
  5483 | D:8      | Found a blossoming altar of Fedhas.
  5572 | D:8      | Found Jaotaj's Food Emporium.
  5662 | D:8      | Gained mutation: A demonic guardian rushes to your aid. [demonic ancestry]
  5662 | D:8      | Reached XP level 10. HP: 51/79 MP: 10/10
  5860 | D:8      | Found a sacrificial altar of Ru.
  5860 | D:8      | Found a glowing silver altar of Zin.
  6172 | D:9      | Found a staircase to the Orcish Mines.
  6446 | D:9      | Reached *** piety under Nemelex Xobeh
  6458 | D:9      | Received a gift from Nemelex Xobeh
  6494 | D:9      | Reached skill level 8 in Fighting
  6569 | D:9      | Found a bloodstained altar of Trog.
  6570 | D:9      | Noticed a wizard
  6576 | D:9      | Killed a wizard
  6722 | D:9      | Found Fihij's Antique Weapon Emporium.
  6871 | D:10     | Entered Level 10 of the Dungeon
  6995 | Orc:1    | Entered Level 1 of the Orcish Mines
  6995 | Orc:1    | Found a frozen archway.
  7323 | Orc:2    | Noticed Snorg
  7330 | Orc:2    | Killed Snorg
  7650 | Orc:3    | Received a gift from Nemelex Xobeh
  7672 | Orc:3    | Reached **** piety under Nemelex Xobeh
  8007 | Orc:3    | Noticed an orc knight
  8027 | Orc:3    | Killed an orc knight
  8027 | Orc:3    | Reached XP level 11. HP: 57/87 MP: 11/11
  8265 | Orc:4    | Entered Level 4 of the Orcish Mines
  8519 | Orc:4    | Reached skill level 9 in Fighting
  8681 | Orc:4    | Found a roughly hewn altar of Beogh.
  9820 | Orc:3    | Reached skill level 1 in Throwing
 10030 | Orc:4    | Noticed an orc high priest
 10041 | Orc:4    | Killed an orc high priest
 10064 | Orc:4    | Noticed an orc high priest
 10069 | Orc:4    | Killed an orc high priest
 10075 | Orc:4    | Noticed an orc high priest
 10093 | Orc:4    | Killed an orc high priest
 10093 | Orc:4    | Killed from afar by an orc warrior

Vault maps used:
D:1:      evilmike_arrival_rings, kennysheep_flooded_box
D:2:      first_bread
D:3:      bloody_makhleb, xom_butterflies
D:4:      nicolae_overflow_hidden_temple, serial_shops, shop
D:5:      lemuel_round_altar, kennysheep_mini, temple_green
D:6:      tso_metal_star, basic_altar, uniq_grinder
D:7:      uniq_pikel
D:8:      amethyst_overflow_temple_binary, special_room, hangedman_tree_tricks,
          kennysheep_windowed_goal, uniq_erolcha
D:9:      david_orc_2, serial_shops, kennysheep_little_box, trog_wizard
D:10:     minmay_lair_entry_lava, special_room
Temple:   hc_temple_tempest_star
Orc:1:    portal_ice_cave_entry_ice_beasts
Orc:2:    lemuel_ogre_cave, special_room, uniq_snorg, uniq_maud
Orc:3:    nicolae_orc_pool_cavern
Orc:4:    st_orc_pillars, basic_altar, guppyfry_library_mini

Action                   |  1- 3 |  4- 6 |  7- 9 | 10-12 || total
-------------------------+-------+-------+-------+-------++-------
Melee: War axe           |    79 |    73 |   203 |   340 ||   695
Throw: Tomahawk          |       |       |       |    17 ||    17
Evoke: Wand              |       |     2 |     1 |     7 ||    10
       Deck              |       |       |     6 |    19 ||    25
  Use: Scroll            |       |     4 |     2 |    10 ||    16
       Potion            |       |       |     1 |     5 ||     6
 Stab: Distracted        |       |     1 |     1 |     2 ||     4
  Eat: Chunk             |     1 |     4 |     9 |    14 ||    28
       Fruit             |       |       |     1 |       ||     1
       Pizza             |       |       |     1 |     1 ||     2
